 Dungeon Sprint DCSS version 0.18.1-50-g88ac8fd (webtiles) character file.

26040 Groucho the Severer (level 12, -5/125 HPs)
             Began as a Minotaur Fighter on Sept 25, 2016.
             Was the Champion of Okawaru.
             Killed by divine providence
             ... invoked by a deep elf high priest
              (14 damage)
             ... in the Dungeon (Sprint VII: "The Pits").
             The game lasted 00:11:47 (5997 turns).

Groucho the Severer (Minotaur Fighter)              Turns: 5997, Time: 00:11:48

Health: -5/125     AC: 24    Str: 25    XL:     12   Next: 94%
Magic:  5/6        EV: 20    Int:  5    God:    Okawaru [******]
Gold:   30         SH: 20    Dex: 14    Spells: 0 memorised, 11 levels left

rFire  . . .     SeeInvis .     B - +1 broad axe of Leziutoe {antimagic, rElec rPois}
rCold  . . .     Gourm    .     x - +4 scale mail
rNeg   . . .     Faith    .     D - +0 large shield
rPois  +         Spirit   .     M - +2 hat {MR+}
rElec  +         Dismiss  .     w - +0 cloak
rCorr  .         Reflect  .     A - +1 pair of gloves {Dex+3}
SustAt .         Harm     .     (no boots)
MR     +....     NoTele   +     (no amulet)
Stlth  +.........               l - +3 ring of evasion
                                b - +3 ring of protection

@: somewhat resistant to hostile enchantments, very unstealthy
A: retaliatory headbutt, horns 2
a: Heroism, Finesse, Renounce Religion


You were in the Dungeon.
You worshipped Okawaru.
Okawaru was exalted by your worship.
You were not hungry.

You visited 1 branch You collected 30 gold pieces.

Inventory:

Hand Weapons
 a - a +2 war axe of chopping
 g - a +2 scimitar of flaming
 y - a +2 flail of venom
 B - the +1 broad axe of Leziutoe (weapon) {antimagic, rElec rPois}
   (Okawaru gifted it to you in the Dungeon)

   It disrupts the flow of magical energy around spellcasters and certain
   magical creatures (including the wielder).
   It insulates you from electricity.
   It protects you from poison.
 N - a +2 double sword of holy wrath
 O - a +1 war axe of venom
Missiles
 s - 19 stones (quivered)
Armour
 c - a +0 shield
 w - a +0 cloak (worn)
 x - a +4 scale mail (worn)
 A - a +1 pair of gloves of dexterity (worn)
 D - a +0 large shield (worn)
 M - a +2 hat of magic resistance (worn)
Jewellery
 b - a +3 ring of protection (left hand)
 l - a +3 ring of evasion (right hand)
 C - an uncursed ring of fire
 G - an uncursed ring of fire
 H - an uncursed ring of see invisible
Wands
 h - a wand of flame (11/48)
Scrolls
 k - 4 scrolls of blinking
 p - 5 scrolls of remove curse
 q - 5 scrolls of amnesia
 r - a scroll of summoning
 E - 2 scrolls of identify
 F - a scroll of fog
 I - 2 scrolls of enchant armour
 K - a scroll of fear
Potions
 d - 14 potions of heal wounds
 e - 12 potions of curing
 i - 4 potions of magic
 j - 5 potions of berserk rage
 o - 2 potions of invisibility
 t - a potion of brilliance
 u - a potion of resistance
 v - 2 potions of haste
 z - a potion of lignification {unknown}
 J - a potion of agility
 L - a potion of flight {unknown}
Comestibles
 f - 8 bread rations
 m - 31 fruits
 n - 4 meat rations


   Skills:
 * Level 17.5 Fighting
 * Level 18.7 Axes
 * Level 17.6 Armour
 * Level 14.5 Dodging
 - Level 5.6 Stealth
 + Level 14.4 Shields
 + Level 10.0 Invocations


You had 11 spell levels left.
You didn't know any spells.

Dungeon Overview and Level Annotations

Branches:
Dungeon (1/1)

Altars:
Ashenzari
Cheibriados
Dithmenos
Elyvilon
Fedhas
Gozag
Kikubaaqudgha
Makhleb
Nemelex Xobeh
Okawaru
Pakellas
Qazlal
Ru
Sif Muna
Trog
Vehumet
Xom
Yredelemnul
Zin
The Shining One
Beogh
Jiyva
Lugonu


Innate Abilities, Weirdness & Mutations

You reflexively headbutt those who attack you in melee.
You have a pair of horns on your head.


Message History

The orc warlord is severely wounded.
You hit the orc knight but do no damage.
You feel like a meek peon again.
The orc warlord hits you with a long sword.
The deep elf high priest invokes the aid of its god against you.
Something smites you!
Unknown command.
You slash the orc warlord!
The orc warlord is almost dead.
You hit the orc knight.
The orc knight is lightly wounded.
The orc knight hits you with a battleaxe of freezing!!!
* * * LOW HITPOINT WARNING * * *
The orc knight freezes you!
* * * LOW HITPOINT WARNING * * *
The orc warlord hits you with a long sword!
* * * LOW HITPOINT WARNING * * *
The deep elf high priest calls down the wrath of its god upon you.
Something smites you!
You die...

..++..+ .+ ..++..+ + ''#####
')###############################
.)......)))..[.........e.........
....).....)...)...e..............
..##############('##############†
..# #..o...# #. ..# #(.@...# #.
..# #..o...# #. .)# ###(.### #.
..# .... #. (.# ..... #. ..#
#....## #. ..# #....# #. ..#
##..## #. ### #+


You could see an orc warlord, an orc knight and a deep elf high priest.

Vanquished Creatures
  A deep elf sorcerer (D)
  An orc warlord (D)
  A white draconian (D)
  A green draconian (D)
  A deep elf death mage (D)
  A small abomination (D)
  A minotaur (D)
  A catoblepas (D)
  2 alligators (D)
  An anaconda (D)
  A merfolk avatar (D)
  3 hell hogs (D)
  A vampire mage (D)
  2 deep elf knights (D)
  A fire crab (D)
  A shadow wraith (D)
  A deep troll (D)
  A hill giant (D)
  8 orc knights (D)
  A lindwurm (D)
  A black mamba (D)
  A guardian serpent (D)
  A molten gargoyle (D)
  Joseph (D)
  A smoke demon (D)
  A komodo dragon (D)
  A rime drake (D)
  2 efreet (D)
  An ice devil (D)
  A guardian mummy (D)
  A large abomination (D)
  A jumping spider (D)
  A bog body (D)
  A flying skull (D)
  A shadow (D)
  2 tarantellas (D)
  A wraith (D)
  4 yaks (D)
  A fire bat (D)
  A hungry ghost (D)
  Edmund (D)
  2 vampire mosquitoes (D)
  2 soldier ants (D)
  A giant eyeball (D)
  2 orc warriors (D)
  An eye of draining (D)
  6 wolves (D)
  A crocodile (D)
  2 big kobolds (D)
  3 wights (D)
  A hound (D)
  A gnoll shaman (D)
  3 orc priests (D)
  2 iguanas (D)
  An orc wizard (D)
  A hell rat (D)
  3 worker ants (D)
  A sheep (D)
  A mummy (D)
  3 gnolls (D)
  An adder (D)
  An ufetubus (D)
  A giant gecko (D)
  9 orcs (D)
  A hobgoblin (D)
  2 giant newts (D)
  2 kobolds (D)
111 creatures vanquished.

Vanquished Creatures (others)
  A rat (D)
1 creature vanquished.

Grand Total: 112 creatures vanquished

Notes
Turn   | Place    | Note
--------------------------------------------------------------
     0 | D        | Groucho the Minotaur Fighter began the quest for the Orb.
     0 | D        | Reached XP level 1. HP: 19/19 MP: 0/0
    10 | D        | Reached skill level 3 in Axes
    52 | D        | Found a sacrificial altar of Ru.
    52 | D        | Found a basalt altar of Yredelemnul.
    52 | D        | Found a shadowy altar of Dithmenos.
    52 | D        | Found a deep blue altar of Sif Muna.
    52 | D        | Found a burning altar of Makhleb.
    52 | D        | Found a shimmering altar of Xom.
    52 | D        | Found an ancient bone altar of Kikubaaqudgha.
    52 | D        | Found a sparkling altar of Nemelex Xobeh.
    53 | D        | Found a glowing golden altar of the Shining One.
    53 | D        | Found a bloodstained altar of Trog.
    53 | D        | Found a shattered altar of Ashenzari.
    53 | D        | Found a white marble altar of Elyvilon.
    53 | D        | Found a snail-covered altar of Cheibriados.
    53 | D        | Found a blossoming altar of Fedhas.
    53 | D        | Found a radiant altar of Vehumet.
    53 | D        | Found a glowing silver altar of Zin.
    53 | D        | Found a corrupted altar of Lugonu.
    53 | D        | Found a viscous altar of Jiyva.
    53 | D        | Found a roughly hewn altar of Beogh.
    53 | D        | Found an iron altar of Okawaru.
    54 | D        | Found an oddly glowing altar of Pakellas.
    59 | D        | Found a stormy altar of Qazlal.
    59 | D        | Found an opulent altar of Gozag.
    76 | D        | Became a worshipper of Warmaster Okawaru
   106 | D        | Noticed a wolf
   112 | D        | Noticed a worker ant
   115 | D        | Killed a wolf
   115 | D        | Reached * piety under Okawaru
   115 | D        | Reached skill level 5 in Fighting
   115 | D        | Reached skill level 7 in Axes
   115 | D        | Reached skill level 5 in Armour
   115 | D        | Reached skill level 5 in Shields
   115 | D        | Reached XP level 2. HP: 30/30 MP: 1/1
   115 | D        | Reached XP level 3. HP: 37/37 MP: 2/2
   115 | D        | Reached XP level 4. HP: 44/44 MP: 3/3
   119 | D        | Reached ** piety under Okawaru
   200 | D        | Noticed a hungry ghost
   201 | D        | Noticed an orc warrior
   220 | D        | Killed a hungry ghost
   220 | D        | Reached skill level 9 in Axes
   220 | D        | Reached XP level 5. HP: 48/52 MP: 4/4
   229 | D        | Reached XP level 6. HP: 45/60 MP: 5/5
   239 | D        | Reached skill level 10 in Axes
   543 | D        | Killed an orc warrior
   543 | D        | Reached *** piety under Okawaru
   543 | D        | Reached skill level 11 in Axes
   684 | D        | Reached XP level 7. HP: 69/69 MP: 6/6
   698 | D        | Reached skill level 1 in Dodging
   698 | D        | Reached skill level 1 in Invocations
   825 | D        | Noticed a large abomination
   832 | D        | Reached skill level 12 in Axes
   838 | D        | Killed a large abomination
   838 | D        | Reached **** piety under Okawaru
   838 | D        | Reached skill level 10 in Fighting
   838 | D        | Reached skill level 10 in Armour
   838 | D        | Reached skill level 10 in Shields
   979 | D        | Noticed Edmund
   979 | D        | Noticed a molten gargoyle
   979 | D        | Noticed a guardian mummy
   984 | D        | Killed Edmund
   984 | D        | Reached XP level 8. HP: 68/79 MP: 5/9
   990 | D        | Killed a guardian mummy
   995 | D        | Killed a molten gargoyle
   995 | D        | Reached skill level 13 in Axes
   995 | D        | Reached skill level 5 in Dodging
  1427 | D        | Noticed an orc knight
  1442 | D        | Killed an orc knight
  1442 | D        | Reached ***** piety under Okawaru
  1442 | D        | Received a gift from Okawaru
  1442 | D        | Reached skill level 1 in Stealth
  1442 | D        | Reached XP level 9. HP: 62/89 MP: 8/11
  1837 | D        | Noticed a black mamba
  1846 | D        | Killed a black mamba
  1846 | D        | Reached skill level 5 in Invocations
  1877 | D        | Noticed a smoke demon
  1879 | D        | Noticed a rime drake
  1879 | D        | Noticed an ice devil
  1884 | D        | Killed a smoke demon
  1884 | D        | Reached skill level 14 in Axes
  1885 | D        | Killed an ice devil
  1887 | D        | Killed a rime drake
  1890 | D        | Received a gift from Okawaru
  1890 | D        | Reached XP level 10. HP: 99/100 MP: 10/13
  2134 | D        | Killed a shadow wraith
  2379 | D        | Noticed a fire crab
  2379 | D        | Noticed a deep troll
  2380 | D        | Noticed a green draconian
  2386 | D        | Killed a deep troll
  2401 | D        | Killed a green draconian
  2401 | D        | Reached skill level 15 in Axes
  2409 | D        | Killed a fire crab
  2409 | D        | Reached skill level 10 in Dodging
  2413 | D        | Reached skill level 5 in Stealth
  2473 | D        | Noticed a hill giant
  2478 | D        | Noticed a minotaur
  2478 | D        | Reached XP level 11. HP: 103/110 MP: 15/15
  2489 | D        | Killed a hill giant
  2494 | D        | Received a gift from Okawaru
  2502 | D        | Reached ****** piety under Okawaru
  2505 | D        | Killed a minotaur
  2518 | D        | Reached skill level 16 in Axes
  2525 | D        | Got a pitted broad axe {god gift}
  2533 | D        | Identified the +1 broad axe of Leziutoe {antimagic, rElec rPois} (Okawaru gifted it to you in the Dungeon)
  3181 | D        | Noticed Joseph
  3181 | D        | Noticed a hell hog
  3181 | D        | Noticed a hell hog
  3182 | D        | Noticed a hell hog
  3190 | D        | Killed Joseph
  3194 | D        | Killed a hell hog
  3195 | D        | Killed a hell hog
  3195 | D        | Reached skill level 15 in Fighting
  3195 | D        | Reached skill level 15 in Armour
  3195 | D        | Killed a hell hog
  3966 | D        | Noticed a merfolk avatar
  3977 | D        | Killed a merfolk avatar
  4198 | D        | Noticed a catoblepas
  4198 | D        | Noticed a deep elf death mage
  4198 | D        | Noticed a deep elf sorcerer
  4198 | D        | Noticed a white draconian
  4218 | D        | Killed a catoblepas
  4218 | D        | Received a gift from Okawaru
  4221 | D        | Killed a deep elf sorcerer
  4221 | D        | Reached skill level 17 in Axes
  4229 | D        | Killed a deep elf death mage
  4233 | D        | Noticed a small abomination
  4239 | D        | Killed a ghostly deep elf death mage
  4239 | D        | Reached XP level 12. HP: 55/122 MP: 0/17
  4245 | D        | Killed a white draconian
  4996 | D        | Noticed an alligator
  4997 | D        | Noticed an alligator
  5004 | D        | Killed an alligator
  5010 | D        | Killed an alligator
  5022 | D        | Noticed an anaconda
  5029 | D        | Killed an anaconda
  5115 | D        | Noticed a vampire mage
  5127 | D        | Killed a vampire mage
  5451 | D        | Received a gift from Okawaru
  5451 | D        | Reached skill level 18 in Axes
  5563 | D        | Noticed an orc warlord
  5563 | D        | Noticed an orc warlord
  5601 | D        | Killed an orc warlord
  5617 | D        | Reached skill level 10 in Invocations
  5642 | D        | Noticed a deep elf high priest
  5915 | D        | Received a gift from Okawaru
  5997 | D        | Killed from afar by a deep elf high priest

Skill      XL: |  1  2  3  4  5  6  7  8  9 10 11 12 |
---------------+-------------------------------------+-----
Axes           | 7 9 11 12 13 14 15 17 18 | 18.7
Fighting       | 5 7 8 10 11 12 14 15 17 | 17.5
Shields        | 5 7 8 10 11 12 13 14 | 14.4
Armour         | 5 7 9 10 11 12 14 15 17 | 17.6
Dodging        | 3 6 8 10 12 14 | 14.5
Invocations    | 2 4 5 7 8 10 | 10.0
Stealth        | 1 3 5 |  5.6

Action                   |  1- 3 |  4- 6 |  7- 9 | 10-12 || total
-------------------------+-------+-------+-------+-------++-------
Melee: Hand axe          |    11 |    68 |    32 |       ||   111
       Headbutt          |     1 |    11 |    19 |    82 ||   113
       War axe           |     1 |       |    57 |   102 ||   160
       Broad axe         |       |       |       |   162 ||   162
Throw: Stone             |       |       |       |     2 ||     2
Invok: Heroism           |       |       |     6 |    10 ||    16
       Finesse           |       |       |       |     3 ||     3
  Use: Potion            |     3 |       |     1 |       ||     4
 Stab: Sleeping          |       |       |       |     1 ||     1
       Petrifying        |       |       |       |     4 ||     4
       Petrified         |       |       |       |     3 ||     3
  Eat: Meat ration       |       |     1 |     1 |     1 ||     3
       Fruit             |       |     1 |       |     8 ||     9
Armor: Scale mail        |     3 |     1 |     5 |    38 ||    47
       Ring mail         |       |    10 |     3 |       ||    13
Dodge: Dodged            |       |    11 |    35 |    64 ||   110
Block: Shield            |    10 |    13 |    43 |    42 ||   108
       Large shield      |       |       |       |   109 ||   109
